cohdb
Replays
Latest Replays
All Replays
Popular Replays
Top Player Replays
Match Explorer
How It Works
Community
CoH3 Stats
Reddit
Sign in to upload your games and track your stats! →
Sign in with Steam
Match 47411177
Unlisted
Match 47411177
Overview
Messages
Build Orders
End
Pioneer Squad
Construct Infanterie Kompanie
Selects Terror Battlegroup
Selects Machine Gun Camouflage
MG 42 Machine Gun Team
MG 42 Machine Gun Team
Construct Panzergrenadier Kompanie
Panzergrenadier Squad
Panzergrenadier Squad
Selects Contempt for the Weak
Panzergrenadier Officer Quarters
Construct Luftwaffe Kompanie
Support Elements
Jäger Squad
Medical Bunker
Wirbelwind Flakpanzer
Luftwaffe Officer Quarters
Jäger Squad
Selects No Quarter
Marder III M Tank Destroyer
Jäger Squad
Pak 40 Anti-tank Gun Team
Selects Propaganda Leaflet Drop
Propaganda Leaflet Drop
Panzergrenadier Squad
Selects V1 Rocket Strike
Pak 40 Anti-tank Gun Team
V1 Rocket Strike
Medical Station
Selects King Tiger Heavy Tank
King Tiger Heavy Tank
Propaganda Leaflet Drop
Pioneer Squad
Propaganda Leaflet Drop
Pioneer Squad
Pioneer Squad
Disarmed
Unsafe
Mishkashmoodle
ghey fish
0
0
Comments
sign in to comment!
No comments posted yet!